 Dungeon Crawl Stone Soup version 0.27.1-4-g1640c2035a (webtiles) character file.

Game seed: 5784380490507390927

39 pkoi the Shield-Bearer (level 3, -1/33 HPs)
             Began as a Minotaur Fighter on Nov 1, 2021.
             Slain by Sigmund (4 damage)
             ... on level 2 of the Dungeon.
             The game lasted 00:01:28 (1115 turns).

pkoi the Shield-Bearer (Minotaur Fighter)           Turns: 1115, Time: 00:01:28

Health: -1/33      AC:  7    Str: 18 (21) XL:     3   Next: 28%
Magic:  2/2        EV:  7    Int:  3 (5)  God:
Gold:   31         SH:  0    Dex:  8 (9)  Spells: 2/2 levels left

rFire    . . .     SeeInvis .   a - +0 long sword
rCold    . . .     Faith    .   c - +0 kite shield
rNeg     . . .     Spirit   .   b - +0 scale mail
rPois    .         Reflect  .   (helmet restricted)
rElec    .         Harm     .   (no cloak)
rCorr    .         Rampage  .   (no gloves)
Will     .....                  (no boots)
Stlth    ..........             (no amulet)
HPRegen  0.11/turn              (no ring)
MPRegen  0.08/turn              (no ring)

@: confused
A: horns 2, retaliatory headbutt
a: no special abilities


You were on level 2 of the Dungeon.
You visited 1 branch of the dungeon, and saw 2 of its levels.

You collected 31 gold pieces.

Inventory:

Hand Weapons
 a - a +0 long sword (weapon)
Armour
 b - a +0 scale mail (worn)
 c - a +0 kite shield (worn)
Scrolls
 f - a scroll of noise {unknown}
 h - a scroll of vulnerability {unknown}
Potions
 d - a potion of might
 g - a potion of invisibility {unknown}
 i - a potion of berserk rage {unknown}
 j - a potion of curing {unknown}


   Skills:
 + Level 4.0 Fighting
 * Level 3.2 Long Blades
 + Level 4.0 Armour
 * Level 4.2 Shields


You had 2 spell levels left.
You didn't know any spells.
Your spell library was empty.

Dungeon Overview and Level Annotations

Branches:
Dungeon (2/15)

Altars:

Annotations:
D:2 Sigmund


Innate Abilities, Weirdness & Mutations

You have a pair of horns on your head.
You reflexively headbutt those who attack you in melee.


Message History

No target in view!
No target in view!
j - a cyan potion You see here a bat corpse.
Found a scroll labelled KAOHONYU JEUMO.
An endoplasm and Sigmund come into view.
Sigmund is wielding a +0 scythe and wearing a +0 robe of cold resistance.
Found a gold piece.
Sigmund gestures wildly while chanting.
Sigmund flickers and vanishes!
Deactivating autopickup; reactivate with Ctrl-A.
An endoplasm is nearby!
An endoplasm is nearby!
An endoplasm is nearby!
You slash the endoplasm!
You kill the endoplasm!
A magic dart appears from out of thin air!
The magic dart hits you. Something hits you.
You hit something but do no damage. Your headbutt misses something.
Something hits you!
You barely miss something. Something hits you!
* * * LOW HITPOINT WARNING * * *
You hit something.
You hear some strange, mumbled words.
You are confused.
You closely miss something.
You hear some strange, mumbled words.
You are more confused.
You bump into the rock wall.
You hear some strange, mumbled words.
A magic dart appears from out of thin air!
The magic dart hits you.
* * * LOW HITPOINT WARNING * * *
Unknown command.
It was a potion of degeneration.
There was something very wrong with that liquid.
You feel weakened.
You feel dopey.
You feel clumsy. Something hits you.
You die...

. ##^. #.#
#...........# .
###.#.###.##........#
....##..#..........
#.......#..........
##.........(.#.....
#..#...>†.<......##
#. #..............#
.. ####..##.###...# .
#......#@# .
...#.....{#####.
#.....#..........
#...#............
#.....#..........
.................
#....#..........
...?............
..####.......$..


There were no monsters in sight!

Vanquished Creatures
  5 endoplasms
  2 giant cockroaches (D:1)
  5 hobgoblins
  3 jackals (D:1)
  2 quokkas
  3 ball pythons
  2 bats (D:2)
  2 frilled lizards (D:1)
  6 goblins
  3 kobolds (D:1)
  A rat (D:1)
34 creatures vanquished.

Notes
Turn   | Place    | Note
-------+----------+-------------------------------------------
     0 | D:1      | pkoi the Minotaur Fighter began the quest for the Orb.
     0 | D:1      | Reached XP level 1. HP: 19/19 MP: 0/0
   263 | D:1      | Reached XP level 2. HP: 22/27 MP: 1/1
   680 | D:1      | Reached XP level 3. HP: 33/33 MP: 2/2
  1100 | D:2      | Noticed Sigmund
  1115 | D:2      | Slain by Sigmund

Illustrated notes

Levels and vault maps discovered:
D:1:      amcnicky_arrival_single_pillar, layout_basic, minmay_misc_feat_rows
D:2:      layout_rooms, hellmonk_ecumenical_altar_prayer_group, uniq_sigmund

Skill      XL: |  1  2  3 |
---------------+----------+-----
Shields        | 4 |  4.2
Long Blades    | 3 |  3.2
Armour         | 4 |  4.0
Fighting       | 4 |  4.0

Action                   || total
-------------------------++-------
Melee: Long sword        ||    88
       Headbutt          ||     8
  Use: Potion            ||     1
Armor: Scale mail        ||    38
Dodge: Dodged            ||    18
Block: Kite shield       ||    51
       Rpst.: Long sword ||     3
